 Dungeon Crawl Stone Soup version 0.30.0-29-ga12c61a403 (webtiles) character file.

Game seed: 1528714633363987351

2685 Riddle the Thaumaturge (level 9, -1/57 HPs)
             Began as a Djinni Fire Elementalist on June 6, 2023.
             Was an Initiate of Makhleb.
             Slain by a yak (6 damage)
             ... on level 8 of the Dungeon.
             The game lasted 00:10:04 (8620 turns).

Riddle the Thaumaturge (Djinni Fire Elementalist)   Turns: 8620, Time: 00:10:05

Health: -1/57      AC:  4    Str:  7    XL:     9   Next: 96%
Gold:   478        EV: 12    Int: 26    God:    Makhleb [......] SH: 11 Dex: 13

rFire   + + +        x - staff of death "Immaehe" {Fragile rElec rC++ rN+ Int+4}
rCold   + . .        s - +2 buckler
rNeg    + . .        C - +2 robe {Archmagi}
rPois   ∞            (no helmet)
rElec   +            o - scarf {shadows}
rCorr   .            (no gloves)
SInv    .            (boots unavailable)
Will    .....        p - amulet of reflection
Stlth   ++           v - ring of protection from fire
HPRegen 0.29/turn    (no ring)
MPRegen 0.00/turn

%: reflection, archmagi, infuse magic (-2 HP)
@: flying
A: sickness immunity, fire resistance 2, cold vulnerability 1, float, innate
caster, HP casting, extra vitality 1
a: Renounce Religion


You were on level 8 of the Dungeon.
You worshipped Makhleb.
Makhleb was noncommittal.
You visited 2 branches of the dungeon, and saw 9 of its levels.
You also visited: Ossuary.

You collected 654 gold pieces.
You spent 176 gold pieces at shops.

Inventory:

Armour
 a - a +0 robe
 o - a scarf of shadows (worn)
 s - a +2 buckler (worn)
 C - a +2 robe of the Archmagi (worn)
Magical Staves
 x - the staff of death "Immaehe" (weapon) {Fragile rElec rC++ rN+ Int+4}
   (You found it on level 3 of the Dungeon)

   [staff of death]

   Your inability to study Necromancy prevents you from drawing on the full
   power of this staff in melee.
   Base accuracy: +5 Base damage: 5 Base attack delay: 1.2 This weapon's minimum
   attack delay (0.6) is reached at skill level 12.
   Int:       It affects your intelligence (+4).
   rC:        It greatly protects you from cold.
   rElec:     It insulates you from electricity.
   rN:        It protects you from negative energy.
   Fragile:   It will be destroyed if unequipped.
   It falls into the 'Staves' category.
   It is a one-handed weapon.
Jewellery
 p - an amulet of reflection (around neck)
 v - a ring of protection from fire (left hand)
Wands
 c - a wand of flame (42)
 i - a wand of iceblast (9)
 y - a wand of light (12)
Scrolls
 b - a scroll of fear
 g - a scroll of torment
 j - 5 scrolls of teleportation {unknown}
 k - 13 scrolls of identify {unknown}
 l - 2 scrolls of blinking {unknown}
 m - 4 scrolls of enchant armour {unknown}
 n - 4 scrolls of poison {unknown}
 z - 2 scrolls of vulnerability {unknown}
Potions
 d - 2 potions of cancellation {unknown}
 e - a potion of heal wounds {unknown}
 f - a potion of degeneration {unknown}
 h - a potion of ambrosia {unknown}
 q - 2 potions of attraction {unknown}
 r - a potion of magic {unknown}
 t - 2 potions of mutation {unknown}
 u - 7 potions of curing {unknown}
 w - 2 potions of might {unknown}
 A - 2 potions of lignification {unknown}
 B - 2 potions of haste {unknown}


   Skills:
 + Level 1.2 Fighting
 + Level 3.8 Dodging
 + Level 3.3 Stealth
 + Level 2.3 Shields
 + Level 9.4 Spellcasting


You knew the following spells:

 Your Spells              Type           Power      Damage    Failure   Level
a - Foxfire               Conj/Fire      100%       2x1d9     1%          1
b - Scorch                Fire           100%       2d9       1%          2
c - Volatile Blastmotes   Fire/Tloc      100%       2d18      1%          3
d - Inner Flame           Hex/Fire       75%        N/A       1%          3
e - Flame Wave            Conj/Fire      75%        2d17      1%          4
f - Shock                 Conj/Air       100%       1d9       1%          1
g - Passwall              Tmut/Erth      62%        N/A       1%          2
h - Swiftness             Air            75%        N/A       1%          3
i - Animate Armour        Summ/Erth      100%       N/A       1%          4
Your spell library was empty.

Dungeon Overview and Level Annotations

Branches:
Dungeon (8/15)             Temple (1/1) D:7         Ossuary (visited)
   Lair: D:8-11

Altars:
Ashenzari
Cheibriados
Dithmenos
Elyvilon
Fedhas
Gozag
Hepliaklqana
Makhleb
Nemelex Xobeh
Okawaru
Qazlal
Ru
Trog
Uskayaw
Wu Jian
Xom
Yredelemnul
Zin
The Shining One

Shops:
D:4 [   D:5 *


Innate Abilities, Weirdness & Mutations

You are immune to sickness and miasma.
You are immune to poison.
Your flesh is very heat resistant. (rF++)
You are vulnerable to cold. (rC-)
You float through the air rather than walking.
You learn spells naturally, not from books.
Your magical power is your life essence.
You have superior vitality. (+4 MHP)


Message History

Casting: Scorch (safe; 1% risk of failure)
Confirm with . or Enter, or press ? or * to list all spells.
You feel a surge of power!
You conjure some foxfire!
The foxfire hits the yak.
The yak is lightly wounded.
The yak misses you.
Unknown command.
Casting: Foxfire (safe; 1% risk of failure)
Confirm with . or Enter, or press ? or * to list all spells.
You feel a surge of power!
Flames lash the yak.
The yak is moderately wounded.
The yak's fire resistance burns away.
The yak is no longer more vulnerable to fire.
The foxfire hits the yak.
The yak is severely wounded.
You block the yak's attack. x2
Unknown command.
The yak gores you but does no damage. The yak gores you.
The yak closely misses you. You block the yak's attack.
Casting: Scorch (safe; 1% risk of failure)
Confirm with . or Enter, or press ? or * to list all spells.
You feel a surge of power!
You conjure some foxfire!
The yak gores you! The yak gores you. The yak gores you!
You block the yak's attack.
Unknown command.
Casting: Foxfire (safe; 1% risk of failure)
Confirm with . or Enter, or press ? or * to list all spells.
You feel a surge of power!
Flames lash the yak.
The yak is lightly wounded.
The yak's fire resistance burns away.
The yak is no longer more vulnerable to fire.
The foxfire hits the yak.
The yak is moderately wounded.
The foxfire hits the yak but does no damage.
The yak is moderately wounded.
The yak misses you. The yak gores you. You block the yak's attack.
The yak closely misses you.
Unknown command.
The yak gores you!
* * * LOW HITPOINT WARNING * * *
The yak gores you.
You die...

###########
###.........# ####
#...........# ...#
#<..........#
.<.###..........Y####..
................@YY....
................YY.....
.......................
.........######...###..
.........# #...# .
.........# #...#
.........# #...#
.........# +#


You could see 5 yaks.

Vanquished Creatures
  Menkaure (D:4)
  A water moccasin (D:6)
  3 ice beasts
  2 black bears
  3 centaurs
  2 phantoms (D:6)
  An elf zombie (Ossuary)
  A bullfrog (D:6)
  3 kobold brigands
  2 scorpions (D:5)
  A gnoll sergeant (D:6)
  3 wights (D:6)
  2 howler monkeys
  A human zombie (Ossuary)
  5 hounds
  A jelly (D:7)
  2 orc priests
  5 iguanas
  2 sleepcaps (D:5)
  6 orc wizards
  Terence (D:2)
  3 mummies
  9 adders
  4 gnolls (D:6)
  2 ufetubi (D:4)
  3 worms
  2 dart slugs
  17 orcs
  4 bats (D:1)
  An endoplasm (D:3)
  6 giant cockroaches
  10 hobgoblins
  23 kobolds
  4 quokkas
  3 ball pythons
  3 frilled lizards
  5 gnoll zombies (Ossuary)
  3 goblins
  3 goblin zombies (Ossuary)
  2 hobgoblin zombies (Ossuary)
  4 orc zombies
  3 rats (D:1)
162 creatures vanquished.

Vanquished Creatures (others)
  879 foxfires
879 creatures vanquished.

Grand Total: 1041 creatures vanquished

Notes
Turn   | Place    | Note
-------+----------+-------------------------------------------
     0 | D:1      | Riddle the Djinni Fire Elementalist began the quest for the
                  | Orb.
     0 | D:1      | Riddle set off with the following spells memorised:
                  | Foxfire, Scorch, Volatile Blastmotes, Inner Flame, Flame
                  | Wave.
     0 | D:1      | Reached XP level 1. HP: 15/15 MP: 0/0
   235 | D:1      | Reached XP level 2. HP: 17/21 MP: 0/0
   737 | D:1      | Reached skill level 3 in Spellcasting
   847 | D:1      | Reached XP level 3. HP: 23/25 MP: 0/0
   847 | D:1      | Learned a level 1 spell: Shock
  1568 | D:2      | Reached XP level 4. HP: 26/31 MP: 0/0
  1684 | D:2      | Noticed Terence
  1688 | D:2      | Killed Terence
  2077 | D:3      | Identified the staff of death "Immaehe" {Fragile rElec rC++
                  | rN+ Int+4}
  2427 | D:3      | Found a basalt altar of Yredelemnul.
  2487 | D:3      | Reached XP level 5. HP: 33/35 MP: 0/0
  2487 | D:3      | Learned a level 2 spell: Passwall
  2613 | D:3      | Found a faded altar of an unknown god.
  2619 | D:3      | Reached skill level 4 in Spellcasting
  2738 | D:3      | Noticed a kobold brigand
  2742 | D:3      | Killed a kobold brigand
  2745 | D:3      | Noticed a kobold brigand
  2760 | D:3      | Killed a kobold brigand
  2761 | D:3      | Reached XP level 6. HP: 19/40 MP: 0/0
  2876 | D:3      | Found an opulent altar of Gozag.
  3148 | D:3      | Found a sparkling altar of Nemelex Xobeh.
  3312 | D:4      | Found Huxkugh's Antique Armour Shoppe.
  3328 | D:4      | Bought an ichor-stained robe for 176 gold pieces
  3328 | D:4      | Identified the +1 robe "Gomibuv" {Rampage rElec rCorr} (You
                  | bought it in a shop on level 4 of the Dungeon)
  3385 | D:4      | Reached skill level 5 in Spellcasting
  3510 | D:4      | Noticed Menkaure
  3512 | D:4      | Killed Menkaure
  3513 | D:4      | Reached XP level 7. HP: 24/45 MP: 0/0
  3513 | D:4      | Learned a level 3 spell: Swiftness
  3824 | D:4      | Found a white marble altar of Elyvilon.
  4110 | D:5      | Entered Level 5 of the Dungeon
  4171 | D:5      | Found a sand-covered staircase.
  4200 | Ossuary  | Entered an ossuary
  4319 | Ossuary  | Reached skill level 6 in Spellcasting
  4637 | D:5      | Reached XP level 8. HP: 34/51 MP: 0/0
  4664 | D:5      | Found Serhewk's Lightly-Used Armoury.
  4763 | D:5      | Reached skill level 1 in Shields
  5062 | D:5      | Reached skill level 7 in Spellcasting
  5671 | D:6      | Reached XP level 9. HP: 20/56 MP: 0/0
  5671 | D:6      | Learned a level 4 spell: Animate Armour
  5934 | D:6      | Reached skill level 8 in Spellcasting
  6056 | D:6      | Found a snail-covered altar of Cheibriados.
  6571 | D:6      | Reached skill level 1 in Fighting
  7282 | D:7      | Reached skill level 9 in Spellcasting
  7363 | D:7      | Found a staircase to the Ecumenical Temple.
  7404 | Temple   | Entered the Ecumenical Temple
  7681 | Temple   | Became a worshipper of Makhleb the Destroyer
  7716 | D:7      | Found a shimmering altar of Xom.
  7720 | D:7      | Found a shimmering altar of Xom.
  7722 | D:7      | Found a shimmering altar of Xom.
  8620 | D:8      | Slain by a yak

Illustrated notes

Levels and vault maps discovered:
D:1:      lemuel_arrival_funnel, layout_basic
D:2:      layout_basic, grunt_decor_arrowhead, kennysheep_boxes, uniq_terence
D:3:      cheibrodos_thug_alley, layout_loops_cross, lemuel_blue_sif_altar,
          mainiacjoe_overflow_boulevard, nemelex_spade_bored_becter,
          grunt_temple_overflow_open, hellmonk_ecumenical_altar_crossroads
D:4:      layout_cave_pools, elyvilon_altar_1, serial_glass, glass_columns_a,
          glass_columns_c, serial_shops, shop_coins, uniq_menkaure
D:5:      minmay_recursive_quarters, layout_loops_ring,
          nicolae_ossuary_entry_giza, minmay_misc_feat_hallway,
          minmay_shop_damaged
D:6:      layout_layer_cave, lemuel_tele_altar, minmay_tree_intersection
D:7:      layout_loops_corners, xom_redecorated, minmay_temple_entry_grid
D:8:      minmay_the_grid_octo_tiled_octocenter
          [minmay_the_grid_octo_vomiting_pacman, minmay_the_grid_octo_empty,
          minmay_the_grid_octo_clover, minmay_the_grid_octo_clover_2,
          minmay_the_grid_octo_prize_square_snowflake,
          minmay_the_grid_square_5x5_eight_small,
          minmay_the_grid_square_5x5_three_walls, minmay_the_grid_square_5x5_z,
          minmay_the_grid_square_5x5_pentomino_r], layout_basic, uniq_grum
Temple:   minmay_temple_curvy_branch

Skill      XL: |  1  2  3  4  5  6  7  8  9 |
---------------+----------------------------+-----
Spellcasting   | 3 4 5 6 7 9 |  9.4
Stealth        | 2 3 |  3.3
Dodging        | 3 |  3.8
Shields        | 1 2 |  2.3
Fighting       | 1 |  1.2

Action                     |  1- 3 |  4- 6 |  7- 9 || total
---------------------------+-------+-------+-------++-------
  Melee: Unarmed           |       |     1 |       ||     1
         Staff             |       |       |     4 ||     4
   Cast: Foxfire           |   123 |   151 |   261 ||   535
         Scorch            |       |     6 |    86 ||    92
    Use: Scroll            |       |       |     6 ||     6
 Armour: Robe              |     5 |       |    10 ||    15
  Dodge: Dodged            |     5 |     4 |    42 ||    51
  Block: Buckler           |       |     4 |    48 ||    52
         Reflection        |       |     2 |     2 ||     4
